 Dungeon Crawl Stone Soup version 0.29-a0-1027-gcd8c55af63 (webtiles) character file.

Game seed: 11345675784764730194

599 croobank the Trooper (level 7, 0/56 HPs)
             Began as a Demonspawn Wanderer on Aug 13, 2022.
             Killed from afar by Natasha (5 damage)
             ... with a magic dart
             ... on level 3 of the Dungeon.
             The game lasted 00:19:11 (5306 turns).

croobank the Trooper (Demonspawn Wanderer)          Turns: 5306, Time: 00:19:11

Health: 0/56       AC:  7    Str: 14    XL:     7   Next: 17%
Magic:  10/11      EV: 10    Int: 14    God:
Gold:   191        SH:  0    Dex: 12    Spells: 8/12 levels left

rFire   . . .      SeeInvis .   t - +0 war axe
rCold   . . .      Faith    .   (no shield)
rNeg    . . .      Spirit   .   l - +0 ring mail
rPois   .          Reflect  .   (helmet restricted)
rElec   .          Harm     .   (no cloak)
rCorr   .          Rampage  .   y - +0 pair of gloves
Will    .....                   s - +0 pair of boots
Stlth   ++........              (no amulet)
HPRegen 0.18/turn               (no ring)
MPRegen 0.12/turn               (no ring)

@: no status effects
A: horns 1, foul stench 1, demonic magic 2
a: no special abilities


You were on level 3 of the Dungeon.
You visited 1 branch of the dungeon, and saw 5 of its levels.

You collected 191 gold pieces.

Inventory:

Hand Weapons
 a - a +0 dagger
 b - a +0 sling
 h - a +0 hand axe
 m - a +0 short sword
 t - a +0 war axe (weapon)
 u - a +0 trident
Missiles
 c - 4 atropa-tipped darts
 f - 5 javelins
 g - 12 boomerangs
 j - a boomerang of dispersal (quivered)
 p - 14 poisoned darts
Armour
 e - a +0 leather armour
 l - a +0 ring mail (worn)
 s - a +0 pair of boots (worn)
 y - a +0 pair of gloves (worn)
Magical Staves
 A - a staff of cold
Wands
 C - a wand of flame (13)
Scrolls
 d - a scroll of fog
 n - a scroll of immolation {unknown}
 o - 3 scrolls of amnesia {unknown}
 r - a scroll of summoning {unknown}
 v - a scroll of fear {unknown}
 B - a scroll of magic mapping
Potions
 i - a potion of attraction
 k - a potion of curing
 q - 2 potions of haste {unknown}
 w - a potion of lignification {unknown}
 x - a potion of might
 z - a potion of cancellation {unknown}


   Skills:
 + Level 5.2 Fighting
 + Level 3.1 Throwing
 + Level 3.4 Stealth
 + Level 3.1 Spellcasting
 + Level 4.5 Hexes


You had 8 spell levels left.
You knew the following spells:

 Your Spells              Type           Power      Damage    Failure   Level
a - Slow                  Hex            56%        N/A       7%          1
b - Tukima's Dance        Hex            14%        N/A       21%         3

Your spell library contained the following spells:

 Spells                   Type           Power      Damage    Failure   Level
 Summon Guardian Golem    Hex/Summ       8%         N/A       45%         3


Dungeon Overview and Level Annotations

Branches:
Dungeon (5/15)
 Temple: D:4-7

Altars:
Dithmenos
Sif Muna
Wu Jian

Annotations:
D:3 Natasha
D:4 Blork the orc


Innate Abilities, Weirdness & Mutations

You have a pair of small horns on your head.
You may rarely emit foul miasma when damaged in melee.
Spells you cast may paralyse nearby enemies.


Message History

Natasha zaps a wand.
The puff of flame misses you.
Natasha wildly gestures.
You feel disoriented. Natasha casts a spell at you. The magic dart hits you.
You closely miss Natasha. You headbutt Natasha, but do no damage.
Natasha misses you.
You closely miss Natasha.
Natasha drinks a potion.
Natasha seems to grow stronger.
You hit Natasha. Your headbutt misses Natasha.
Natasha is moderately wounded.
You slash Natasha!
Natasha is almost dead.
Natasha zaps a wand.
The puff of flame hits you.
You closely miss Natasha.
Natasha is almost dead.
Natasha claws you.
You barely miss Natasha.
Natasha is almost dead.
Natasha casts a spell.
You barely miss Natasha.
Natasha is almost dead.
Natasha zaps a wand.
The puff of flame misses you.
You closely miss Natasha. Your headbutt misses Natasha.
Natasha is almost dead.
You hit the shadow imp.
The shadow imp hits you but does no damage.
Natasha claws you!
* * * LOW HITPOINT WARNING * * *
The shadow imp hits you but does no damage.
Casting: Slow (safe; 7% risk of failure)
Confirm with . or Enter, or press ? or * to list all spells.
Aiming: Slow (safe; 7% risk of failure)
Press: ? - help, Shift-Dir - straight line, f/p - Natasha
Aim: Natasha, carrying a wand of flame (9) (almost dead, strong, slow, chance to affect: 53%) Natasha resists with significant effort.
Malevolent energies surge around you. Natasha casts a spell at you.
The magic dart hits you.
You die...

#.###.......##.# #.
##.#.###....##.#######
##. ##.## #.#...÷.......#
#..
#.####.......#####.###.†
#...#....#..#.###.......
#.#.....###.............
#.#.##..###..##.#.......
##.#.###..#..###.##.###..
#..#..##@....##..........
#.......h5..........#####
#...##.........##...#####
#..####..._...####.......
#...##.........##..######
##.................#
###..##(....##..###
#.###..#..###.#
#.##..###†)##.#


You could see Natasha (strong, slow) and a shadow imp (summoned).

Vanquished Creatures
  2 yaks (D:3)
  A howler monkey (D:4)
  An orc priest (D:4)
  Ijyb (D:3)
  Natasha (twice) (D:3)
  2 orc wizards (D:4)
  4 adders
  11 orcs (D:4)
  5 ball pythons
  4 endoplasms
  3 giant cockroaches
  2 goblins
  4 hobgoblins
  7 jackals (D:1)
  8 kobolds
  5 quokkas
  4 bats
  3 frilled lizards (D:1)
  9 rats
78 creatures vanquished.

Notes
Turn   | Place    | Note
-------+----------+-------------------------------------------
     0 | D:1      | croobank the Demonspawn Wanderer began the quest for the
                  | Orb.
     0 | D:1      | croobank set off with the following items: a +0 dagger, 7
                  | boomerangs, a potion of curing, a scroll of fog, a +0
                  | leather armour; and the following spell memorised: Slow;
                  | and the following spells available to memorise: Tukima's
                  | Dance, Summon Guardian Golem.
     0 | D:1      | Reached XP level 1. HP: 19/19 MP: 2/2
   569 | D:1      | Gained mutation: You have a pair of small horns on your
                  | head. [demonic ancestry]
   569 | D:1      | Reached XP level 2. HP: 25/25 MP: 3/3
  1329 | D:2      | Found a faded altar of an unknown god.
  1373 | D:2      | Gained mutation: You may rarely emit foul miasma when
                  | damaged in melee. [demonic ancestry]
  1373 | D:2      | Reached XP level 3. HP: 26/30 MP: 5/5
  2317 | D:2      | Learned a level 3 spell: Tukima's Dance
  2379 | D:3      | You fall into a shaft and drop 2 floors!
  2379 | D:5      | Entered Level 5 of the Dungeon
  2388 | D:5      | Noticed a necrophage
  2524 | D:4      | Gained mutation: Spells you cast may paralyse adjacent
                  | enemies. [demonic ancestry]
  2524 | D:4      | Reached XP level 4. HP: 17/38 MP: 2/6
  2780 | D:4      | Noticed Blork the orc
  2848 | D:4      | Noticed a yak
  2864 | D:4      | Noticed a yak
  3182 | D:4      | Gained mutation: Spells you cast may paralyse nearby
                  | enemies. [demonic ancestry]
  3182 | D:4      | Reached XP level 5. HP: 16/43 MP: 6/8
  3804 | D:3      | Noticed Natasha
  3806 | D:3      | Found a shadowy altar of Dithmenos.
  3819 | D:3      | Killed Natasha
  4240 | D:3      | Found an ornate altar of the Wu Jian Council.
  4488 | D:3      | Noticed Ijyb
  4511 | D:3      | Killed Ijyb
  4512 | D:3      | Reached XP level 6. HP: 14/50 MP: 7/9
  4736 | D:3      | Found a shimmering blue altar of Sif Muna.
  4821 | D:4      | Noticed a yak
  4834 | D:3      | Killed a yak
  4835 | D:3      | Reached skill level 5 in Fighting
  4924 | D:3      | Noticed Natasha
  4932 | D:3      | Killed Natasha
  5240 | D:3      | Killed a yak
  5241 | D:3      | Reached XP level 7. HP: 31/56 MP: 9/11
  5289 | D:3      | Noticed Natasha
  5306 | D:3      | Killed from afar by Natasha

Illustrated notes

Levels and vault maps discovered:
D:1:      onia_arrival_pentagram, layout_rooms, hangedman_glass_teeth
D:2:      layout_basic, chequers_ecumenical_altar_island, serial_park_tiny_2,
          grunt_decor_fettered
D:3:      layout_loops_ring, pdpol_wu_jian_five_deadly_venoms,
          nicolae_dithmenos_shadow_blocks, marbit_many_paths, uniq_ijyb,
          uniq_natasha
D:4:      layout_loops_cross, uniq_blork_the_orc
D:5:      layout_loops_corners, elyvilon_altar_1, abandoned_shop

Skill      XL: |  1  2  3  4  5  6 |
---------------+-------------------+-----
Stealth        | 2 3 |  3.4
Throwing       | 2 3 |  3.1
Spellcasting   | 2 3 |  3.1
Hexes          | 4 |  4.5
Fighting       | 5 |  5.2

Action                   |  1- 3 |  4- 6 |  7- 9 || total
-------------------------+-------+-------+-------++-------
Melee: Dagger            |    24 |       |       ||    24
       Hand axe          |    73 |    39 |       ||   112
       Short sword       |    23 |       |       ||    23
       Headbutt          |    12 |    21 |     1 ||    34
       Punch             |     1 |     1 |       ||     2
       War axe           |       |   103 |     8 ||   111
 Fire: Sling             |    30 |       |       ||    30
Throw: Dart              |       |     3 |       ||     3
       Boomerang         |       |     1 |       ||     1
 Cast: Slow              |    26 |    56 |     3 ||    85
  Use: Scroll            |     3 |     3 |       ||     6
       Potion            |     3 |     2 |       ||     5
 Stab: Sleeping          |       |     2 |       ||     2
       Paralysed         |       |    26 |       ||    26
Armor: Leather armour    |    53 |     7 |       ||    60
       Ring mail         |       |    52 |     2 ||    54
Dodge: Dodged            |    82 |    86 |     3 ||   171

Table legend: (Time is in decaauts)
 A = Elapsed time spent in this place.
 B = Non-inter-level travel time spent in this place.
 C = Inter-level travel time spent in this place.
 D = Time resting spent in this place.
 E = Time spent auto-exploring this place.
 F = Levels seen in this place.
 G = Mean time per level.
                   A        B        C        D        E       F      G
               +--------+--------+--------+--------+--------+-----+--------+
         Total |   5406 |   5253 |    153 |   2140 |   1989 |   5 | 1081.2 |
       Dungeon |   5406 |   5253 |    153 |   2140 |   1989 |   5 | 1081.2 |
               +--------+--------+--------+--------+--------+-----+--------+

Top non-repeatable levels by time:
     D:3: 1618 daAuts
     D:1: 1321 daAuts
     D:2: 1080 daAuts
     D:4: 1029 daAuts
     D:5: 356 daAuts
